 Dungeon Crawl Stone Soup version 0.29-a0-598-gd8304a5bf4 (webtiles) character file.

Game seed: 6476968031643606675

250 Shayle the Sneak (level 6, -2/37 HPs)
             Began as a Tengu Brigand on May 4, 2022.
             Slain by an ogre
             ... wielding a +0 giant club
              (20 damage)
             ... on level 4 of the Dungeon on June 16, 2022.
             The game lasted 00:11:25 (3857 turns).

Shayle the Sneak (Tengu Brigand)                    Turns: 3857, Time: 00:11:26

Health: -2/37      AC:  4    Str: 11    XL:     6   Next: 13%
Magic:  9/9        EV: 15    Int: 13    God:
Gold:   249        SH:  0    Dex: 16    Spells: 5/8 levels left

rFire   . . .      SeeInvis .   y - +2 dagger (venom)
rCold   + . .      Faith    .   (no shield)
rNeg    . . .      Spirit   .   b - +0 robe
rPois   .          Reflect  .   C - +1 hat
rElec   .          Harm     .   c - +0 cloak
rCorr   .          Rampage  .   (no gloves)
Will    .....                   (boots unavailable)
Stlth   +++.......              (no amulet)
HPRegen 0.12/turn               n - ring of protection from cold
MPRegen 0.11/turn               (no ring)

@: flying quickly and evasively, quick
A: beak, talons 3, nimble flight
a: no special abilities


You were on level 4 of the Dungeon.
You visited 1 branch of the dungeon, and saw 4 of its levels.

You collected 249 gold pieces.

Inventory:

Hand Weapons
 a - a +2 dagger
 w - a +2 hand axe of freezing
 y - a +2 dagger of venom (weapon)
Missiles
 d - 9 poisoned darts (quivered)
 e - 3 curare-tipped darts
 x - a throwing net
Armour
 b - a +0 robe (worn)
 c - a +0 cloak (worn)
 C - a +1 hat (worn)
Jewellery
 n - a ring of protection from cold (left hand)
 p - an amulet of faith
 A - a ring of wizardry
 B - a ring of wizardry
Wands
 E - a wand of mindburst (18)
Scrolls
 f - 3 scrolls of immolation {unknown}
 h - 3 scrolls of teleportation {unknown}
 j - 4 scrolls of fear {unknown}
 k - 2 scrolls of noise {unknown}
 l - 4 scrolls of identify {unknown}
 m - a scroll of blinking {unknown}
 r - 2 scrolls of vulnerability {unknown}
 s - 3 scrolls of enchant weapon {unknown}
 u - a scroll of fog {unknown}
 F - a scroll of poison {unknown}
Potions
 g - 2 potions of lignification {unknown}
 i - a potion of degeneration {unknown}
 o - a potion of curing
 q - a potion of might {unknown}
 t - a potion of ambrosia {unknown}
 v - 2 potions of experience {unknown}
 z - a potion of magic {unknown}
 D - a potion of mutation {unknown}


   Skills:
 + Level 3.0 Fighting
 - Level 2.1 Short Blades
 - Level 2.0 Throwing
 + Level 2.7 Dodging
 + Level 4.8 Stealth
 + Level 1.8 Spellcasting
 + Level 2.1 Conjurations
 - Level 1.2 Necromancy
 + Level 1.4 Earth Magic


You had 5 spell levels left.
You knew the following spells:

 Your Spells              Type           Power      Damage    Failure   Level
a - Stone Arrow           Conj/Erth      10%        3d7       36%         3

Your spell library contained the following spells:

 Spells                   Type           Power      Damage    Failure   Level
 Sandblast                Erth           10%        2d5       14%         1
 Passwall                 Tmut/Erth      2%         N/A       28%         2


Dungeon Overview and Level Annotations

Branches:
Dungeon (4/15)
 Temple: D:4-7

Altars:

Shops:
D:3 (

Annotations:
D:4 Natasha


Innate Abilities, Weirdness & Mutations

You have a beak for a mouth.
You have claws for feet.
Your magical nature lets you fly swiftly and evasively.


Message History

The orc priest is heavily wounded.
Natasha mumbles some strange words.
The goblin completely misses you. The orc priest barely misses you.
Unknown command.
You closely miss the orc priest. You claw the orc priest.
The orc priest is severely wounded.
Natasha completely misses you. The goblin misses you.
An ogre comes into view. It is wielding a +0 giant club.
The orc priest mumbles some strange prayers to Beogh against you.
Beogh smites you! The goblin barely misses you.
The ogre shouts!
You hit the orc priest but do no damage.
Your kick misses the orc priest.
The orc priest is severely wounded.
The shadow imp puffs mist at you. Natasha completely misses you.
The goblin barely misses you. x2
The orc priest closely misses you.
Unknown command.
You hit the orc priest but do no damage.
The orc priest looks as sick as possible!
The orc priest is almost dead.
The shadow imp completely misses you. Natasha barely misses you.
A dart slug comes into view.
The orc priest barely misses you. The goblin hits you but does no damage.
The goblin misses you.
You completely miss the orc priest.
You claw the orc priest, but do no damage.
The orc priest is almost dead.
You kill the orc priest!
The shadow imp hits you but does no damage.
Natasha barely misses you.
You have reached level 6!
The goblin closely misses you. Natasha claws you but does no damage.
Natasha attacks as you move away! Natasha claws you!
* * * LOW HITPOINT WARNING * * *
The goblin barely misses you.
You feel better. The goblin hits you but does no damage.
The ogre hits you with a +0 giant club!!
Ouch! That really hurt!
You die...

........# #######.#
#.# ####### #.# ###
#..... #.# #.. ..#.#
#.#####.####...
#.....[..##5w###
#####..###...##g.'.#
#.............@gh).#
#.###..###.....O.###
##...###.#.#.....#
#.....##.#.#...#.#
+#
##.........#.#.....
.. ####
##.########.###..##
#. #.. #.# #.# .##
#.##.## #.# #.# #
#...... #'# #.
####†##


You could see an ogre, Natasha, a shadow imp (summoned), a dart slug and 2
goblins.

Vanquished Creatures
  A necrophage (D:4)
  An orc priest (D:4)
  An iguana (D:4)
  Natasha (D:4)
  5 adders
  A worm (D:2)
  2 dart slugs (D:2)
  3 orcs (D:3)
  5 endoplasms
  6 giant cockroaches
  6 goblins
  4 hobgoblins
  3 kobolds
  2 quokkas
  4 ball pythons
  6 bats
  3 frilled lizards
  5 rats
59 creatures vanquished.

Vanquished Creatures (others)
  3 plants (D:3)
3 creatures vanquished.

Grand Total: 62 creatures vanquished

Notes
Turn   | Place    | Note
-------+----------+-------------------------------------------
     0 | D:1      | Shayle the Tengu Brigand began the quest for the Orb.
     0 | D:1      | Reached XP level 1. HP: 12/12 MP: 2/2
     1 | D:1      | Upgraded the game from 0.29-a0-378-gc08b2e8bf8 to
                  | 0.29-a0-598-gd8304a5bf4
    40 | D:1      | Found a faded altar of an unknown god.
   263 | D:1      | Reached XP level 2. HP: 13/17 MP: 3/3
  1146 | D:2      | Reached XP level 3. HP: 16/21 MP: 3/5
  1164 | D:2      | Learned a level 3 spell: Stone Arrow
  1501 | D:2      | Reached skill level 1 in Necromancy
  1977 | D:2      | Reached skill level 1 in Spellcasting
  2086 | D:3      | Reached XP level 4. HP: 24/27 MP: 6/6
  2469 | D:3      | Reached skill level 1 in Conjurations
  2540 | D:3      | Reached skill level 1 in Earth Magic
  2589 | D:3      | Found Faypp's Weapon Shoppe.
  3095 | D:4      | Gained mutation: Your magical nature lets you fly swiftly
                  | and evasively. [Tengu growth]
  3095 | D:4      | Reached XP level 5. HP: 31/31 MP: 7/7
  3160 | D:4      | Noticed Natasha
  3170 | D:4      | Killed Natasha
  3843 | D:4      | Noticed Natasha
  3851 | D:4      | Noticed an ogre
  3855 | D:4      | Reached XP level 6. HP: 18/37 MP: 9/9
  3857 | D:4      | Slain by an ogre

Illustrated notes

Levels and vault maps discovered:
D:1:      minmay_arrival_four_circles, layout_basic,
          shapermc_ecumenical_altar_ellora, serial_bayou_pond_e
D:2:      layout_basic, st_stairs_8, minmay_pentomino_o4
D:3:      layout_loops_ring, serial_shops, shop_statue, wad_woods_river_04
D:4:      layout_loops_corners, minmay_mini_jars, uniq_duvessa, uniq_natasha

Skill      XL: |  1  2  3  4  5 |
---------------+----------------+-----
Necromancy     | 1 |  1.2
Spellcasting   | 1 |  1.8
Conjurations   | 1 2 |  2.1
Earth Magic    | 1 |  1.4
Dodging        | 2 |  2.7
Fighting       | 3 |  3.0
Short Blades   | |  2.1
Throwing       | |  2.0
Stealth        | |  4.8

Action                   |  1- 3 |  4- 6 || total
-------------------------+-------+-------++-------
Melee: Dagger            |    61 |    89 ||   150
       Peck              |     8 |     8 ||    16
       Kick              |    16 |    27 ||    43
  Use: Potion            |       |     4 ||     4
 Stab: Sleeping          |     9 |     6 ||    15
       Distracted        |     1 |       ||     1
Armor: Robe              |    16 |    16 ||    32
Dodge: Dodged            |    25 |    56 ||    81

Table legend: (Time is in decaauts)
 A = Elapsed time spent in this place.
 B = Non-inter-level travel time spent in this place.
 C = Inter-level travel time spent in this place.
 D = Time resting spent in this place.
 E = Time spent auto-exploring this place.
 F = Levels seen in this place.
 G = Mean time per level.
                   A        B        C        D        E       F      G
               +--------+--------+--------+--------+--------+-----+--------+
         Total |   3830 |   3723 |    107 |    507 |   2521 |   4 |  957.5 |
       Dungeon |   3830 |   3723 |    107 |    507 |   2521 |   4 |  957.5 |
               +--------+--------+--------+--------+--------+-----+--------+

Top non-repeatable levels by time:
     D:1: 1067 daAuts
     D:3: 1048 daAuts
     D:2: 980 daAuts
     D:4: 734 daAuts
